 Dungeon Crawl Stone Soup version 0.31-a0-240-gb923e448b6 (webtiles) character file.

Game seed: 320461120426056493

79 qw the Shooter (level 4, -2/26 HPs)
             Began as a Gargoyle Hexslinger on July 11, 2023.
             Slain by an orc wizard
             ... wielding a +0 dagger
              (3 damage)
             ... on level 2 of the Dungeon.
             The game lasted 00:00:23 (719 turns).

qw the Shooter (Gargoyle Hexslinger)                 Turns: 719, Time: 00:00:24

Health: -2/26      AC:  6    Str: 11    XL:     4   Next: 38%
Magic:  5/5        EV: 11    Int: 14    God:
Gold:   31         SH:  0    Dex: 14    Spells: 4/5 levels left

rFire   . . .        Y - +1 sling
rCold   + . .        (no shield)
rNeg    + . .        e - +0 leather armour
rPois   inf          (no helmet)
rElec   +            (no cloak)
rCorr   .            (no gloves)
SInv    .            (no boots)
Will    .....        (no amulet)
Stlth   +            h - ring of protection from cold
HPRegen 0.24/turn    (no ring)
MPRegen 0.09/turn

%: no passive effects
@: no status effects
A: sickness immunity, AC +3, negative energy resistance 1, electricity
resistance, torment resistance 1, petrification resistance
a: no special abilities


You were on level 2 of the Dungeon.
You visited 1 branch of the dungeon, and saw 2 of its levels.

You collected 31 gold pieces.


Innate Abilities, Weirdness & Mutations

You are immune to sickness and miasma.
Your stone body is resilient. (AC +3)
You are immune to poison.
You resist negative energy. (rN+)
You are resistant to electric shocks. (rElec)
You are resistant to unholy torment.
You are immune to petrification.


   Skills:
 - Level 2.0 Fighting
 + Level 4.2 Ranged Weapons
 - Level 1.5 Dodging
 - Level 1.0 Spellcasting
 - Level 2.6 Hexes


You had 4 spell levels left.
You knew the following spells:

 Your Spells              Type           Power      Damage    Failure   Level
a - Slow                  Hex            32%        N/A       12%         1

Your spell library contained the following spells:

 Spells                   Type           Power      Damage    Failure   Level
 Inner Flame              Hex/Fire       4%         N/A       52%         3
 Portal Projectile        Hex/Tloc       8%         N/A       52%         3
 Cause Fear               Hex            4%         N/A       75%         4

Inventory:

Hand Weapons
 Y - a +1 sling (weapon)
Armour
 e - a +0 leather armour (worn)
Jewellery
 h - a ring of protection from cold (left hand)
Scrolls
 a - 2 scrolls of identify
Potions
 f - a potion of curing {unknown}
 g - a potion of attraction {unknown}
 i - a potion of resistance {unknown}

Dungeon Overview and Level Annotations

Branches:
Dungeon (2/15)

Altars:

Shops:
D:2 !


Message History

You shoot a sling bullet. The sling bullet hits the orc.
The orc is severely wounded.
Something hits you but does no damage. The orc misses you.
The orc wizard gestures at you while chanting.
The magic dart hits something.
An adder comes into view.
You shoot a sling bullet. The sling bullet hits the orc.
You kill the orc!
Something hits you.
You shoot a sling bullet.
The sling bullet closely misses the orc.
The orc wizard gestures at you while chanting.
The puff of flame hits something!
Reactivating autopickup.
You feel a bit more experienced. The orc completely misses you.
Your Ranged Weapons skill increases to level 4!
You shoot a sling bullet. The sling bullet hits the orc.
The orc is heavily wounded.
The orc hits you but does no damage. The orc hits you with a +0 dagger.
You shoot a sling bullet. The sling bullet hits the orc!
You kill the orc!
The orc wizard gestures wildly while chanting.
The orc wizard flickers and vanishes!
Deactivating autopickup; reactivate with Ctrl-A.
You shoot a sling bullet. The sling bullet hits the adder.
The adder is lightly wounded.
The adder bites you. The adder bites you but does no damage.
You shoot a sling bullet. The sling bullet misses the adder.
The adder closely misses you.
You hear some strange, mumbled words.
You are confused.
The adder bites you but does no damage. Something hits you but does no damage.
The adder completely misses you. Something hits you but does no damage.
The adder bites you but does no damage. The adder barely misses you.
Something hits you. The adder misses you.
Something hits you but does no damage. The adder bites you but does no damage.
Something hits you. The adder closely misses you.
You feel less confused. Something hits you.
You die...

#. #.# ##.# #.#
##...##.#
#.....#.#
........##
..o...[..#
.......).# #S{#
#@.# #..# #..#
...###..#######
..............#
............#.#
#.#########.#.#
# #.#.# #.#.#


You could see an adder.

Vanquished Creatures
  An orc priest (D:2)
  3 dart slugs (D:1)
  2 orcs (D:2)
  2 endoplasms
  4 goblins (D:1)
  2 hobgoblins (D:1)
  2 jackals (D:1)
  2 quokkas
  2 ball pythons (D:1)
  A bat (D:1)
  4 kobolds (D:1)
  3 rats
28 creatures vanquished.

Vanquished Creatures (others)
  An orc wizard (D:2)
1 creature vanquished.

Grand Total: 29 creatures vanquished

Notes
Turn   | Place    | Note
-------+----------+-------------------------------------------
     0 | D:1      | qw the Gargoyle Hexslinger began the quest for the Orb.
     0 | D:1      | Reached XP level 1. HP: 12/12 MP: 2/2
     0 | D:1      | 0 ||| qw: Version: 0.3-a-52-g30416fa
     0 | D:1      | 0 ||| qw: Game counter: 6072
     0 | D:1      | 0 ||| qw: Melee chars always use a shield: true
     0 | D:1      | 0 ||| qw: God list: Okawaru
     0 | D:1      | 0 ||| qw: Allow faded altars: false
     0 | D:1      | 0 ||| qw: Do Orc after clearing Dungeon:15 true
     0 | D:1      | 0 ||| qw: Do second Lair branch before Depths: true
     0 | D:1      | 0 ||| qw: Lair rune preference: random
     0 | D:1      | 0 ||| qw: Goals: Normal
     0 | D:1      | 0 ||| PLANNING D:1-11
   149 | D:1      | Reached XP level 2. HP: 16/16 MP: 3/3
   179 | D:1      | Reached skill level 3 in Ranged Weapons
   493 | D:1      | Reached XP level 3. HP: 17/21 MP: 4/4
   624 | D:1      | 624 ||| UPGRADING to +0 leather armour.
   634 | D:1      | 634 ||| DROPPING +0 robe.
   635 | D:1      | 635 ||| UPGRADING to ring of protection from cold.
   636 | D:1      | 636 ||| READING 2 scrolls labelled XECLAF QONYDGH.
   637 | D:1      | 637 ||| DROPPING scroll of poison.
   645 | D:2      | Found Janok's Distillery.
   665 | D:2      | 665 ||| SHOPLISTING 2 potions of might (88 gold, have 31).
   665 | D:2      | 665 ||| SHOPLISTING potion of might (44 gold, have 31).
   665 | D:2      | 665 ||| SHOPLISTING potion of resistance (110 gold, have
                  | 31).
   688 | D:2      | 688 ||| Stepping ~*~*~tactically~*~*~ (outnumbered).
   690 | D:2      | 690 ||| Stepping ~*~*~tactically~*~*~ (outnumbered).
   695 | D:2      | Reached XP level 4. HP: 26/26 MP: 5/5
   708 | D:2      | HP: 5/26 [something (4)]
   710 | D:2      | Reached skill level 4 in Ranged Weapons
   716 | D:2      | HP: 2/26 [something (3)]
   719 | D:2      | Slain by an orc wizard

Levels and vault maps discovered:
D:1:      tarquinn_simple_flora_water_b, layout_loops_cross,
          hangedman_decor_clover_reticule
D:2:      layout_loops_ring, serial_shops, nicolae_shop_industrial_runoff,
          nicolae_shop_peninsula, nicolae_shop_waterfront, minmay_diced_spiral

Skill      XL: |  1  2  3  4 |
---------------+-------------+-----
Ranged Weapons | 3 4 |  4.2
Fighting       | 2 |  2.0
Dodging        | |  1.5
Spellcasting   | |  1.0
Hexes          | |  2.6

Action                     |  1- 3 |  4- 6 || total
---------------------------+-------+-------++-------
   Fire: Sling             |    84 |    19 ||   103
    Use: Scroll            |     1 |       ||     1
 Armour: Robe              |     8 |       ||     8
         Leather armour    |     3 |    14 ||    17
  Dodge: Dodged            |    17 |    22 ||    39

Table legend:
 A = Non-vault XP
 B = Vault XP
 C = Vault XP percentage of total XP
 D = Non-vault monster count
 E = Vault monster count
 F = Vault count percentage of total count
                 A         B        C        D         E       F
            +---------+---------+-------+---------+---------+-------
      Total |     114 |       0 |   0.0 |      29 |       0 |   0.0
            +---------+---------+-------+---------+---------+-------
        D:1 |      43 |       0 |   0.0 |      22 |       0 |   0.0
        D:2 |      71 |       0 |   0.0 |       7 |       0 |   0.0
            +---------+---------+-------+---------+---------+-------
